Map: Dash and Terminal LE (Void)

Players

Thud - Winner!

  • Race: Protoss Protoss
  • League: Gold

Eternity

  • Race: Terran Terran
  • League: Gold

VOD

Have the link to the VOD?

Description

Time

  • Played on: Oct. 18, 2015, 5:25 p.m.
  • Length: 7:22
Show
View Real Time Build Order
Export as new Build Order

Thud Protoss - Winner!

Build Orders:  

Get SALT Encoding   

  12  0:11  Pylon  
  12  0:13  Probe (Chrono Boost)  
  13  0:24  Probe (Chrono Boost)  
  14  0:32  Gateway  
  14  0:35  Probe (Chrono Boost)  
  15  0:43  Assimilator  
  15  0:45  Probe (Chrono Boost)  
  16  0:58  Probe (Chrono Boost), Pylon  
  17  1:08  Probe (Chrono Boost)  
  18  1:19  Probe (Chrono Boost)  
  18  1:21  Cybernetics Core  
  19  1:30  Probe (Chrono Boost)  
  20  1:40  Probe (Chrono Boost)  
  20  1:44  Assimilator  
  21  1:51  Probe (Chrono Boost)  
  22  1:58  Pylon  
  24  2:02  Mothership Core (Chrono Boost), Stalker  
  26  2:20  Probe (Chrono Boost)  
  27  2:25  Robotics Facility  
  27  2:42  Warp Gate (Chrono Boost)  
  27  3:03  Sentry  
  29  3:11  Gateway  
  29  3:13  Gateway  
  29  3:14  Gateway  
  29  3:17  Immortal  
  33  3:35  Sentry  
  33  3:39  Pylon  
  35  3:56  Immortal  
  39  4:19  Pylon  
  39  4:36  Observer  
  40  4:39  Stalker x2  
  40  4:40  Stalker x2  
  48  4:51  Pylon  
  48  4:53  Pylon  
  46  5:12  Adept x4  
  48  5:34  Adept x4  
  50  5:56  Adept x3  
  50  5:57  Adept  
  49  6:27  Adept x4  
Show
View Real Time Build Order
Export as new Build Order

Eternity Terran 

Build Orders: MMM Bio 

Get SALT Encoding   

  12  0:01  SCV  
  13  0:13  SCV  
  14  0:18  Supply Depot  
  14  0:25  SCV  
  15  0:30  Refinery  
  15  0:40  SCV  
  16  0:46  Barracks  
  16  0:52  SCV  
  17  1:05  SCV  
  18  1:17  SCV  
  19  1:29  SCV  
  21  1:32  Reaper  
  21  1:41  Orbital Command  
  21  1:51  Command Center  
  21  2:02  Supply Depot  
  21  2:08  Barracks Reactor  
  21  2:11  SCV  
  21  2:15  Bunker  
  22  2:23  SCV  
  23  2:35  SCV  
  24  2:45  Marine x2  
  24  2:47  SCV  
  27  2:51  Barracks  
  27  2:53  Barracks  
  27  2:59  SCV  
  27  3:04  Engineering Bay  
  28  3:06  Orbital Command  
  28  3:07  Marine x2  
  28  3:11  SCV  
  31  3:24  SCV  
  32  3:32  Marine x2  
  34  3:35  Missile Turret  
  34  3:36  SCV  
  34  3:38  Missile Turret  
  34  3:40  SCV, Bunker  
  36  3:44  Barracks Tech Lab  
  36  3:45  Barracks Tech Lab  
  36  3:48  SCV  
  37  3:52  SCV  
  38  3:57  Terran Infantry Weapons Level 1  
  38  3:59  Marine x2  
  38  4:00  SCV  
  41  4:05  SCV  
  41  4:06  Supply Depot  
  41  4:08  Stimpack  
  41  4:09  Combat Shields  
  42  4:14  SCV  
  42  4:15  Marauder  
  45  4:19  SCV  
  46  4:27  Marine x2  
  46  4:28  Marauder  
  50  4:41  Marauder  
  50  4:43  SCV x2  
  50  4:45  Refinery  
  54  4:48  Refinery  
  54  4:50  Supply Depot  
  54  4:58  Supply Depot, Factory  
  54  5:01  Refinery  
  54  5:04  Marine  
  54  5:05  SCV, Marine  
  54  5:06  SCV  
  53  5:08  Marauder  
  53  5:16  Marauder  
  48  5:25  Marine x2  
  48  5:30  Marauder  
  50  5:37  Marauder  
  50  5:38  Bunker  
  50  5:39  SCV  
  50  5:40  SCV  
  42  5:52  Marauder, Marine x2  
  38  6:01  Bunker  
Tags
 
Add a new tag
Caveats
  • Supply blocks, unpowered buildings, or Contaminate may cause inaccurate times.
  • Supply counts are checked every 10 seconds.